 Dungeon Crawl Stone Soup version 0.29.0-3-gbb0933ed62 (webtiles) character file.

Game seed: 15389735345174514875

30 Logoto the Firebug (level 3, 0/26 HPs)
             Began as a Hill Orc Fire Elementalist on Aug 25, 2022.
             Slain by a worm (6 damage)
             ... on level 2 of the Dungeon.
             The game lasted 00:06:48 (1735 turns).

Logoto the Firebug (Hill Orc Fire Elementalist)     Turns: 1735, Time: 00:06:49

Health: 0/26       AC:  2    Str: 12    XL:     3   Next: 18%
Magic:  1/6        EV: 12    Int: 15    God:
Gold:   63         SH:  0    Dex: 11    Spells: 3/6 levels left

rFire   . . .      SeeInvis .   k - +0 club
rCold   . . .      Faith    .   (no shield)
rNeg    . . .      Spirit   .   a - +0 robe
rPois   .          Reflect  .   (no helmet)
rElec   .          Harm     .   (no cloak)
rCorr   .          Rampage  .   (no gloves)
Will    .....                   (no boots)
Stlth   ++........              (no amulet)
HPRegen 0.08/turn               (no ring)
MPRegen 0.10/turn               (no ring)

@: no status effects
A: no striking features
a: no special abilities


You were on level 2 of the Dungeon.
You visited 1 branch of the dungeon, and saw 2 of its levels.

You collected 63 gold pieces.

Inventory:

Hand Weapons
 k - a +0 club (weapon)
Missiles
 i - 5 silver javelins
Armour
 a - a +0 robe (worn)
 j - a +0 robe
Scrolls
 d - a scroll of teleportation {unknown}
 f - 3 scrolls of identify {unknown}
 g - a scroll of butterflies {unknown}
 h - a scroll of magic mapping {unknown}
Potions
 b - a potion of magic
 c - a potion of might {unknown}
 e - a potion of curing {unknown}


   Skills:
 + Level 1.6 Dodging
 + Level 1.7 Stealth
 + Level 0.3 Unarmed Combat
 + Level 2.0 Spellcasting
 + Level 1.1 Conjurations
 + Level 3.9 Fire Magic


You had 3 spell levels left.
You knew the following spells:

 Your Spells              Type           Power      Damage    Failure   Level
a - Foxfire               Conj/Fire      36%        2x1d5     8%          1
b - Scorch                Fire           26%        2d6       6%          2

Your spell library contained the following spells:

 Spells                   Type           Power      Damage    Failure   Level
 Conjure Flame            Conj/Fire      9%         6-21      24%         3
 Inner Flame              Hex/Fire       7%         N/A       28%         3
 Flame Wave               Conj/Fire      9%         2d6       61%         4


Dungeon Overview and Level Annotations

Branches:
Dungeon (2/15)

Altars:


Message History

The foxfire hits the worm but does no damage.
The worm is almost dead.
You hit the worm but do no damage.
The worm is almost dead.
You hit the worm but do no damage.
The worm is almost dead.
The worm closely misses you.
You hit the worm.
The worm is almost dead.
The worm completely misses you.
Casting: Foxfire (safe; 8% risk of failure)
Confirm with . or Enter, or press ? or * to list all spells.
You don't have enough magic to cast this spell.
Casting: Foxfire (safe; 8% risk of failure)
Confirm with . or Enter, or press ? or * to list all spells.
You conjure some foxfire!
The foxfire hits the worm.
The worm is severely wounded.
The foxfire hits the worm.
The worm is almost dead.
Casting: Foxfire (safe; 8% risk of failure)
Confirm with . or Enter, or press ? or * to list all spells.
You don't have enough magic to cast this spell.
The worm barely misses you.
You see here a +0 dagger.
There is a stone staircase leading up here.
Casting: Foxfire (safe; 8% risk of failure)
Confirm with . or Enter, or press ? or * to list all spells.
You conjure some foxfire!
The foxfire hits the worm.
The worm is severely wounded.
The foxfire hits the worm.
The worm is severely wounded.
You hit the worm.
The worm is almost dead.
The worm bites you but does no damage.
You barely miss the worm.
The worm is almost dead.
The worm bites you.
You die...

#...# #.# #..†# #.########
#...#########......#..
###.............###.#.#
########......##..####.#
#...#
####........##....)..####.#
#####
.......###..#..........##.#
.###.#.###..#..#..#..#.##.#
.##.............@.#..#.##.#
.##..#.###.....w<##.......#
.......###.##..#####.#.####
###..................#>#
#..#.###.......#####.###
###...###>......# #...#
#......##.......# ###.##
#.##.#.##.......# ####...#
#.##.#.##.......#
#....#.#######


You could see a worm.

Vanquished Creatures
  An adder (D:1)
  A dart slug (D:2)
  A giant cockroach (D:1)
  2 goblins (D:2)
  4 hobgoblins (D:1)
  A quokka (D:2)
  A ball python (D:2)
  A bat (D:1)
  2 frilled lizards (D:1)
  2 kobolds
  4 rats (D:2)
20 creatures vanquished.

Vanquished Creatures (others)
  38 foxfires
38 creatures vanquished.

Grand Total: 58 creatures vanquished

Notes
Turn   | Place    | Note
-------+----------+-------------------------------------------
     0 | D:1      | Logoto the Hill Orc Fire Elementalist began the quest for
                  | the Orb.
     0 | D:1      | Reached XP level 1. HP: 14/14 MP: 3/3
   466 | D:1      | Reached XP level 2. HP: 19/20 MP: 4/4
   888 | D:1      | HP: 1/20 [adder (1)]
  1216 | D:2      | Learned a level 2 spell: Scorch
  1338 | D:2      | Reached XP level 3. HP: 20/26 MP: 2/6
  1735 | D:2      | Slain by a worm

Illustrated notes

Levels and vault maps discovered:
D:1:      sevenhm_arrival_forest_fort_small_6, layout_basic, patterned_corridor
D:2:      layout_loops_cross, ebering_ecumenical_altar_abandoned, st_stairs_13,
          minmay_curled_crystal

Skill      XL: |  1  2 |
---------------+-------+-----
Spellcasting   | 2 |  2.0
Dodging        | |  1.6
Stealth        | |  1.7
Unarmed Combat | |  0.3
Conjurations   | |  1.1
Fire Magic     | |  3.9

Action                   || total
-------------------------++-------
Melee: Unarmed           ||    49
       Club              ||    15
 Cast: Foxfire           ||    25
       Scorch            ||     3
  Use: Potion            ||     1
 Stab: Sleeping          ||     2
Armor: Robe              ||    15
Dodge: Dodged            ||    42
